 Dungeon Crawl Stone Soup version 0.30.1-4-g462c640d31 (webtiles) character file.

Game seed: 2083354981223808857

11 safid the Chiller (level 2, -3/21 HPs)
             Began as a Merfolk Ice Elementalist on Sept 5, 2023.
             Slain by a hobgoblin (4 damage)
             ... on level 1 of the Dungeon.
             The game lasted 00:00:33 (220 turns).

safid the Chiller (Merfolk Ice Elementalist)         Turns: 220, Time: 00:00:33

Health: -3/21      AC:  2    Str:  8    XL:     2   Next: 29%
Magic:  1/5        EV: 12    Int: 14    God:
Gold:   4          SH:  0    Dex: 14    Spells: 4/5 levels left

rFire   . . .        h - +0 short sword
rCold   . . .        (no shield)
rNeg    . . .        a - +0 robe
rPois   .            (no helmet)
rElec   .            (no cloak)
rCorr   .            (no gloves)
SInv    .            (no boots)
Will    .....        (no amulet)
Stlth   ++           (no ring)
HPRegen 0.23/turn    (no ring)
MPRegen 0.09/turn

%: no passive effects
@: no status effects
A: (nimble swimmer 2), mertail
a: no special abilities


You were on level 1 of the Dungeon.
You visited 1 branch of the dungeon, and saw 1 of its levels.

You collected 4 gold pieces.

Inventory:

Hand Weapons
 h - a +0 short sword (weapon)
Armour
 a - a +0 robe (worn)
Jewellery
 f - a ring of fire
Scrolls
 d - a scroll of poison {unknown}
 e - a scroll of vulnerability {unknown}
 g - a scroll of fear {unknown}
Potions
 c - a potion of lignification {unknown}


   Skills:
 + Level 1.0 Fighting
 - Level 2.6 Dodging
 - Level 2.1 Stealth
 + Level 2.2 Spellcasting
 + Level 4.6 Ice Magic


You had 4 spell levels left.
You knew the following spells:

 Your Spells              Type           Power      Damage    Failure   Level
a - Freeze                Ice            56%        1d7       3%          1

Your spell library contained the following spells:

 Spells                   Type           Power      Damage    Failure   Level
 Frozen Ramparts          Ice            28%        1d5       11%         3
 Ozocubu's Armour         Ice            14%        N/A       11%         3
 Summon Ice Beast         Ice/Summ       8%         N/A       65%         4


Dungeon Overview and Level Annotations

Branches:
Dungeon (1/15)

Altars:


Innate Abilities, Weirdness & Mutations

((You are very nimble when in or above water. (Stealth+, EV+, Speed+++)))
Your lower body shifts to a powerful aquatic tail in water.


Message History

Press: ? - help, Shift-Dir - straight line, f - rat
Aim: a rat You freeze the rat.
You kill the rat!
The hobgoblin barely misses you.
Unknown command.
Casting: Freeze (safe; 3% risk of failure)
Confirm with . or Enter, or press ? or * to list all spells.
Aiming: Freeze (safe; 3% risk of failure)
Press: ? - help, Shift-Dir - straight line, f - hobgoblin
Aim: a hobgoblin You freeze the hobgoblin.
The hobgoblin is heavily wounded.
The hobgoblin barely misses you.
Unknown command.
Casting: Freeze (safe; 3% risk of failure)
Confirm with . or Enter, or press ? or * to list all spells.
Aiming: Freeze (safe; 3% risk of failure)
Press: ? - help, Shift-Dir - straight line, f/p - hobgoblin
Aim: a hobgoblin (heavily wounded)
You freeze the hobgoblin.
The hobgoblin is severely wounded.
The hobgoblin hits you.
* * * LOW HITPOINT WARNING * * *
The hobgoblin hits you.
* * * LOW HITPOINT WARNING * * *
Casting: Freeze (safe; 3% risk of failure)
Confirm with . or Enter, or press ? or * to list all spells.
Aiming: Freeze (safe; 3% risk of failure)
Press: ? - help, Shift-Dir - straight line, f/p - hobgoblin
Aim: a hobgoblin (severely wounded)
You freeze the hobgoblin.
You kill the hobgoblin!
The hobgoblin hits you.
* * * LOW HITPOINT WARNING * * *
Your Fighting skill increases to level 1!
You hit the hobgoblin.
The hobgoblin is severely wounded.
The hobgoblin hits you.
You die...

######## ##......## ##...[....##
######### #..........#
#....?.g####..........# ##
#.....@....#...$......# .########
#########..#..........#
#'......####......'#.....?g.....#
#........##....†...#..#....)...#.
#...##...##...##...#...........#.
#..####..##..####..#.............
#..####..##..####..#...†.....)...
#...##...##...##...#.............
#..................#..._.........


You could see a hobgoblin.

Vanquished Creatures
  2 endoplasms (D:1)
  A giant cockroach (D:1)
  2 hobgoblins (D:1)
  2 kobolds (D:1)
  A ball python (D:1)
  A frilled lizard (D:1)
  2 rats (D:1)
11 creatures vanquished.

Notes
Turn   | Place    | Note
-------+----------+-------------------------------------------
     0 | D:1      | safid the Merfolk Ice Elementalist began the quest for the
                  | Orb.
     0 | D:1      | Reached XP level 1. HP: 13/13 MP: 3/3
   175 | D:1      | Found a faded altar of an unknown god.
   193 | D:1      | Reached XP level 2. HP: 20/20 MP: 5/5
   219 | D:1      | HP: 1/20 [hobgoblin (2)]
   220 | D:1      | Reached skill level 1 in Fighting
   220 | D:1      | Slain by a hobgoblin

Illustrated notes

Levels and vault maps discovered:
D:1:      minmay_arrival_four_loops, layout_rooms, basic_ecumenical_altar

Skill      XL: |  1  2 |
---------------+-------+-----
Fighting       | 1 |  1.0
Dodging        | |  2.6
Stealth        | |  2.1
Spellcasting   | |  2.2
Ice Magic      | |  4.6

Action                     || total
---------------------------++-------
  Melee: Short sword       ||     6
         Unarmed           ||     2
   Cast: Freeze            ||    15
    Use: Potion            ||     1
   Stab: Sleeping          ||     1
  Dodge: Dodged            ||    13
